 Dungeon Crawl Stone Soup version 0.29-a0-1039-gfc20370e89 (webtiles) character file.

Game seed: 132995053107589884

1096 27heaven the Caller (level 8, -1/55 HPs)
             Began as a Naga Summoner on Aug 15, 2022.
             Slain by an iguana (9 damage)
             ... on level 5 of the Dungeon.
             The game lasted 00:10:21 (5052 turns).

27heaven the Caller (Naga Summoner)                 Turns: 5052, Time: 00:10:22

Health: -1/55      AC:  5    Str: 11    XL:     8   Next: 31%
Magic:  3/16       EV: 10    Int: 21    God:
Gold:   127        SH:  0    Dex: 18    Spells: 5/18 levels left

rFire   . . .      SeeInvis +   (no weapon)
rCold   . . .      Faith    .   (no shield)
rNeg    . . .      Spirit   .   a - +0 robe
rPois   +          Reflect  .   (no helmet)
rElec   .          Harm     .   l - +1 cloak
rCorr   .          Rampage  .   (no gloves)
Will    +....                   (no barding)
Stlth   ++........              n - amulet of the acrobat
HPRegen 0.98/turn               f - +6 ring of intelligence
MPRegen 0.15/turn               g - +6 ring of dexterity

@: very slow
A: AC +2, large, see invisible, deformed body, poison resistance, slowness 2,
spit poison 1, naga tail 1, dopey 1, frail 1, regeneration 1
a: Spit Poison


You were on level 5 of the Dungeon.
You visited 1 branch of the dungeon, and saw 5 of its levels.

You collected 239 gold pieces.
You spent 112 gold pieces at shops.

Inventory:

Armour
 a - a +0 robe (worn)
 l - a +1 cloak (worn)
Jewellery
 f - a +6 ring of intelligence (left hand)
 g - a +6 ring of dexterity (right hand)
 n - an amulet of the acrobat (around neck)
Wands
 q - a wand of flame (18)
Scrolls
 c - 2 scrolls of blinking
 j - 3 scrolls of fear
 k - a scroll of noise
 m - 2 scrolls of amnesia
 r - 2 scrolls of enchant armour
 s - 2 scrolls of teleportation
 u - a scroll of enchant weapon
Potions
 b - a potion of magic
 d - 2 potions of attraction
 e - a potion of heal wounds
 h - 3 potions of curing
 i - 2 potions of flight
 o - a potion of might
 p - a potion of brilliance
 t - a potion of cancellation
 v - a potion of degeneration {unknown}


   Skills:
 - Level 1.5 Dodging
 - Level 3.0 Stealth
 + Level 5.7 Spellcasting
 - Level 3.0 Hexes
 + Level 7.2 Summonings
 + Level 2.7 Air Magic


You had 5 spell levels left.
You knew the following spells:

 Your Spells              Type           Power      Damage    Failure   Level
a - Summon Small Mammal   Summ           100%       N/A       1%          1
b - Call Imp              Summ           36%        N/A       1%          2
c - Call Canine Familiar  Summ           36%        N/A       1%          3
d - Summon Guardian Gole  Hex/Summ       27%        N/A       3%          3
e - Summon Lightning Spi  Summ/Air       26%        N/A       13%         4

Your spell library contained the following spells:

 Spells                   Type           Power      Damage    Failure   Level
 Blink                    Tloc           12%        N/A       16%         2
 Animate Armour           Summ/Erth      42%        N/A       22%         4
 Lesser Beckoning         Tloc           6%         N/A       30%         3
 Stone Arrow              Conj/Erth      12%        3d7       30%         3
 Manifold Assault         Tloc           6%         N/A       95%         5
 Lehudib's Crystal Spear  Conj/Erth      3%         10d2      100%        8


Dungeon Overview and Level Annotations

Branches:
Dungeon (5/15)
 Temple: D:4-7

Altars:
Fedhas
Qazlal
Ru
Sif Muna
Vehumet
The Shining One

Shops:
D:3 ([=!


Innate Abilities, Weirdness & Mutations

Your serpentine skin is tough. (AC +2)
You have supernaturally acute eyesight. (SInv)
Armour fits poorly on your strangely shaped body.
Your system is resistant to poisons. (rPois)
You cover ground very slowly.
You can spit poison.
You have a snake-like lower body.
You are dopey. (Int -2)
You are frail. (-10% HP)
Your natural rate of healing is unusually fast.


Message History

You closely miss the ufetubus. The ufetubus hits you. x2
The iguana bites you.
* * * LOW HITPOINT WARNING * * *
The ufetubus barely misses you.
The ufetubus hits you but does no damage.
The iguana misses you. The ufetubus completely misses you. x2
The iguana misses you.
Casting: Summon Guardian Golem (dangerous; 3% risk of failure)
Confirm with . or Enter, or press ? or * to list all spells.
The ufetubus hits you but does no damage.
The ufetubus closely misses you. x2; The ufetubus barely misses you.
The iguana bites you but does no damage.
Casting: Call Canine Familiar (safe; 1% risk of failure)
Confirm with . or Enter, or press ? or * to list all spells.
A beastly little devil appears in a puff of flame.
The ufetubus hits you.
* * * LOW HITPOINT WARNING * * *
The ufetubus hits you but does no damage.
Your hound barely misses the ufetubus.
The iguana bites you.
* * * LOW HITPOINT WARNING * * *
Unknown command.
What are your orders? t - Shout!
Orders for allies: a - Attack new target. r - Retreat! s - Stop attacking. g - Guard the area. f - Follow me.
Anything else - Cancel.
Gang up on whom?
Press: ? - help, Dir - move target, f - iguana
Aim: an iguana (lightly wounded, ally target) Attack!
Your hound bites the iguana but does no damage.
The ufetubus barely misses you. The ufetubus hits you.
* * * LOW HITPOINT WARNING * * *
Your hound bites the iguana but does no damage.
The ufetubus hits you.
* * * LOW HITPOINT WARNING * * *
The ufetubus hits you but does no damage.
The iguana bites you!
You die...

.###..##................
).......................
...#.###...............#
.....###...............#
#....##...............
#...........).........
......###'###'###5###.
...#..#..#..).9l5#
....###..#.....h@#
......+. +###'###+
....### +...+ ....#.#
#...# .=....+ #._.#
##....# #...# ##....#
+...+ ###..+ ##+##
#.##..#


You could see an iguana (ally target), an ufetubus, a friendly guardian golem
(summoned, inner flame), a friendly hound (summoned, sheltered) and a friendly
crimson imp (summoned, sheltered).

Vanquished Creatures
  A jelly (D:5)
  A gnoll (D:1)
  An adder (D:3)
  A dart slug (D:3)
  2 orcs
  2 ball pythons
  2 bats (D:1)
  2 endoplasms
  5 goblins
  A hobgoblin (D:1)
  2 quokkas
  A frilled lizard (D:2)
  2 kobolds
  2 rats
25 creatures vanquished.

Vanquished Creatures (collateral kills)
  2 ogres
  A phantom (D:4)
  A scorpion (D:4)
  A howler monkey (D:5)
  Jessica (D:3)
  An iguana (D:4)
  An orc wizard (D:3)
  2 adders (D:2)
  2 dart slugs
  6 orcs
  6 endoplasms
  4 goblins
  3 hobgoblins
  9 jackals (D:2)
  5 quokkas
  8 ball pythons
  2 bats
  2 kobolds (D:2)
  4 rats
61 creatures vanquished.

Vanquished Creatures (others)
  Pikel (D:5)
  An ogre (D:5)
  A lemure (D:5)
3 creatures vanquished.

Grand Total: 89 creatures vanquished

Notes
Turn   | Place    | Note
-------+----------+-------------------------------------------
     0 | D:1      | 27heaven the Naga Summoner began the quest for the Orb.
     0 | D:1      | Reached XP level 1. HP: 15/15 MP: 3/3
   214 | D:1      | Reached XP level 2. HP: 22/22 MP: 1/5
   487 | D:1      | Reached XP level 3. HP: 28/28 MP: 4/6
   552 | D:1      | Learned a level 2 spell: Call Imp
   559 | D:1      | Learned a level 3 spell: Call Canine Familiar
  1666 | D:2      | Reached XP level 4. HP: 36/36 MP: 0/8
  1962 | D:2      | Learned a level 3 spell: Summon Guardian Golem
  2246 | D:2      | Reached skill level 5 in Summonings
  2560 | D:3      | Found a radiant altar of Vehumet.
  2641 | D:3      | Found a faded altar of an unknown god.
  2749 | D:3      | Found a sacrificial altar of Ru.
  2785 | D:3      | Reached XP level 5. HP: 11/42 MP: 5/10
  3157 | D:3      | Found Tohi's Distillery.
  3293 | D:3      | Gained mutation: You are agile. (Dex +4, Str/Int -1)
                  | [potion of mutation]
  3294 | D:3      | Bought a potion of mutation for 112 gold pieces
  3294 | D:3      | Lost mutation: You are agile. (Dex +4, Str/Int -1) [potion
                  | of mutation]
  3294 | D:3      | Gained mutation: You are resistant to electric shocks.
                  | (rElec) [potion of mutation]
  3294 | D:3      | Gained mutation: You have a pair of small antennae on your
                  | head. [potion of mutation]
  3401 | D:3      | Found Idiumoneso's Weapon Boutique.
  3464 | D:3      | Found Baipnea's Armour Shoppe.
  3472 | D:3      | Found Raif's Jewellery Shop.
  3629 | D:3      | Noticed Jessica
  3643 | D:3      | Killed Jessica
  3693 | D:3      | Found a shimmering blue altar of Sif Muna.
  3728 | D:4      | Noticed a phantom
  3751 | D:4      | Killed a phantom
  3752 | D:4      | Reached XP level 6. HP: 49/49 MP: 5/12
  3837 | D:4      | Lost mutation: You have a pair of small antennae on your
                  | head. [potion of mutation]
  3837 | D:4      | Lost mutation: You are resistant to electric shocks.
                  | (rElec) [potion of mutation]
  3837 | D:4      | Gained mutation: You are dopey. (Int -2) [potion of
                  | mutation]
  3837 | D:4      | Gained mutation: You are frail. (-10% HP) [potion of
                  | mutation]
  3837 | D:4      | Gained mutation: Your natural rate of healing is unusually
                  | fast. [potion of mutation]
  3920 | D:4      | Reached skill level 6 in Summonings
  3960 | D:4      | Found a stormy altar of Qazlal.
  3963 | D:4      | Noticed a fire elemental
  3964 | D:4      | Noticed a water elemental
  3964 | D:4      | Noticed an air elemental
  4247 | D:4      | Found a glowing golden altar of the Shining One.
  4264 | D:4      | Reached skill level 1 in Hexes
  4778 | D:5      | Entered Level 5 of the Dungeon
  4909 | D:5      | Reached XP level 7. HP: 49/49 MP: 11/14
  4933 | D:5      | Learned a level 4 spell: Summon Lightning Spire
  4942 | D:5      | Reached skill level 5 in Spellcasting
  5024 | D:5      | Noticed Pikel
  5032 | D:5      | Found a blossoming altar of Fedhas.
  5040 | D:5      | Killed Pikel
  5041 | D:5      | Reached skill level 7 in Summonings
  5041 | D:5      | Reached XP level 8. HP: 18/55 MP: 6/16
  5052 | D:5      | Slain by an iguana

Illustrated notes

Levels and vault maps discovered:
D:1:      minmay_arrival_checkered_box, layout_loops_ring,
          minmay_misc_feat_enclosed, hangedman_decor_slide_cut
D:2:      layout_rooms, kennysheep_donut
D:3:      layout_loops_corners, mainiacjoe_overflow_small_starburst,
          nicolae_ru_great_annihilating_truth, tgw_sif,
          ebering_ecumenical_altar_abandoned, serial_shops, shop, shop, shop,
          nicolae_shop_stone, serial_bayou_crossing
D:4:      layout_basic, nicolae_qazlal_style_of_elements, tso_metal_star,
          nicolae_elevator_lobby_plus
D:5:      layout_cave_pools, xom_confusion_cloud, mainiacjoe_overflow_24_doors,
          uniq_pikel, uniq_eustachio

Skill      XL: |  1  2  3  4  5  6  7 |
---------------+----------------------+-----
Spellcasting   | 3 4 5 |  5.7
Summonings     | 5 6 7 |  7.2
Hexes          | 1 3 |  3.0
Air Magic      | 2 |  2.7
Dodging        | |  1.5
Stealth        | |  3.0

Action                   |  1- 3 |  4- 6 |  7- 9 || total
-------------------------+-------+-------+-------++-------
Melee: Unarmed           |    71 |   120 |     8 ||   199
       Punch             |       |     1 |     1 ||     2
 Cast: Summon Small Mamm |    43 |    23 |     4 ||    70
       Call Canine Famil |     3 |    14 |     1 ||    18
       Call Imp          |     3 |    13 |     2 ||    18
       Summon Guardian G |       |       |     3 ||     3
 Abil: Spit Poison       |     2 |     1 |       ||     3
  Use: Scroll            |       |    15 |       ||    15
       Potion            |       |     3 |       ||     3
 Stab: Distracted        |       |     3 |       ||     3
       Paralysed         |       |     6 |       ||     6
       Sleeping          |       |     5 |       ||     5
Armor: Robe              |    30 |    29 |     8 ||    67
Dodge: Dodged            |    65 |    87 |    28 ||   180

Table legend: (Time is in decaauts)
 A = Elapsed time spent in this place.
 B = Non-inter-level travel time spent in this place.
 C = Inter-level travel time spent in this place.
 D = Time resting spent in this place.
 E = Time spent auto-exploring this place.
 F = Levels seen in this place.
 G = Mean time per level.
                   A        B        C        D        E       F      G
               +--------+--------+--------+--------+--------+-----+--------+
         Total |   6135 |   6008 |    127 |    137 |   4744 |   5 | 1227.0 |
       Dungeon |   6135 |   6008 |    127 |    137 |   4744 |   5 | 1227.0 |
               +--------+--------+--------+--------+--------+-----+--------+

Top non-repeatable levels by time:
     D:1: 1791 daAuts
     D:3: 1695 daAuts
     D:4: 1320 daAuts
     D:2: 1005 daAuts
     D:5: 321 daAuts
